 Dungeon Crawl Stone Soup version 0.32-a0 (webtiles) character file.

Game seed: 15428096068224840188

171 Jannitor the Cutter (level 5, -4/60 HPs)
             Began as a Demonspawn Reaver on Jan 13, 2024.
             Slain by an orc
             ... wielding a +0 trident
              (6 damage)
             ... on level 3 of the Dungeon.
             The game lasted 00:04:40 (2869 turns).

Jannitor the Cutter (Demonspawn Reaver)             Turns: 2869, Time: 00:04:41

Health: -4/60      AC:  3    Str: 13    XL:     5   Next: 26%
Magic:  7/9        EV: 12    Int: 15    God:
Gold:   160        SH:  0    Dex: 13    Spells: 6/9 levels left

rFire   . . .        k - +2 long sword (drain)
rCold   . . .        (no shield)
rNeg    . . .        b - +0 leather armour
rPois   .            (no helmet)
rElec   .            (no cloak)
rCorr   .            (no gloves)
SInv    +            (no boots)
Will    .....        (no amulet) Stlth
                     f - ring of see invisible
HPRegen 0.30/turn    (no ring)
MPRegen 0.11/turn

%: no passive effects
@: berserking, weak-willed, jinxed, very quick
A: big brain 1, demonic magic 1, weakness stinger 1
a: no special abilities


You were on level 3 of the Dungeon.
You visited 1 branch of the dungeon, and saw 4 of its levels.

You collected 160 gold pieces.

Inventory:

Hand Weapons
 a - a +0 short sword
 k - a +2 long sword of draining (weapon)
Armour
 b - a +0 leather armour (worn)
Jewellery
 f - a ring of see invisible (left hand)
Scrolls
 c - a scroll of amnesia {unknown}
 d - a scroll of fog {unknown}
 e - a scroll of identify
 g - a scroll of summoning {unknown}
 h - a scroll of poison {unknown}
 j - 2 scrolls of teleportation {unknown}


   Skills:
 + Level 2.9 Fighting
 + Level 3.3 Short Blades
 + Level 2.6 Dodging
 + Level 1.4 Stealth
 + Level 2.8 Spellcasting
 - Level 3.0 Conjurations
 + Level 1.3 Hexes


You had 6 spell levels left.
You knew the following spells:

 Your Spells              Type           Power      Damage    Failure   Level
a - Kiss of Death         Conj/Necr      24%        2d7       14%         1
b - Jinxbite              Hex            12%        N/A       22%         2

Your spell library contained the following spells:

 Spells                   Type           Power      Damage    Failure   Level
 Foxfire                  Conj/Fire      24%        2x1d5     14%         1
 Sting                    Conj/Alch      24%        1d4       14%         1
 Momentum Strike          Conj/Tloc      12%        3d8       22%         2
 Apportation              Tloc           4%         N/A       26%         1
 Mercury Vapours          Alch/Air       4%         N/A       36%         2
 Hailstorm                Conj/Ice       6%         3d5       38%         3
 Olgreb's Toxic Radiance  Alch           2%         N/A       95%         4
 Alistair's Intoxication  Alch           1%         N/A       100%        5
 Plasma Beam              Fire/Air       1%         2x1d11    100%        6
 Starburst                Conj/Fire      3%         6d3       100%        6


Dungeon Overview and Level Annotations

Branches:
Dungeon (4/15)             Temple (0/1) D:4

Altars:


Innate Abilities, Weirdness & Mutations

You have an unusually large brain. (Int +2)
Spells you cast may paralyse adjacent enemies.
You have a small tail.


Message History

Okay, then.
Unknown command.
You climb downwards.
There is a stone staircase leading up here.
Unknown command.
Casting: Jinxbite (safe; 22% risk of failure)
Confirm with . or Enter, or press ? or * to list all spells.
You beckon some vexing sprites to accompany your attacks.
You feel your willpower being sapped. Malevolent energies surge around you.
The orc hits you from afar with a +0 trident.
Unknown command.
The orc priest hits you from afar with the +4 spear of the Middle {spect, Fly rElec}.
The +4 spear of the Middle {spect, Fly rElec} hits you from afar.
A +4 spear of the Middle {spect, Fly rElec} comes into view.
You closely miss the orc.
You tail-slap the orc, but do no damage.
A giggling sprite leaps out and smacks the orc with its own hand.
The orc is heavily wounded.
The orc priest barely misses you.
The +4 spear of the Middle {spect, Fly rElec} hits you from afar!
The orc barely misses you. The orc priest barely misses you.
The +4 spear of the Middle {spect, Fly rElec} hits you from afar!
* * * LOW HITPOINT WARNING * * *
The orc barely misses you. The orc misses you.
There is a stone staircase leading up, spattered with blood here.
The orc seems less drained.
The orc priest hits you from afar with the +4 spear of the Middle {spect, Fly rElec}.
* * * LOW HITPOINT WARNING * * *
The +4 spear of the Middle {spect, Fly rElec} closely misses you.
The orc hits you with a +0 trident.
* * * LOW HITPOINT WARNING * * *
You climb upwards.
The +4 spear of the Middle {spect, Fly rElec} disappears.
There is a stone staircase leading down here.
Unknown command.
A red film seems to cover your vision as you go berserk!
You feel yourself moving faster!
You feel mighty! The orc hits you with a +0 trident.
You die...

#####.#...........# #.#
#.##..####.##.# #.# #.#...#
#.##.# #.### #.#..#####.##.#
#...# #.#........##.# ###.#
#.#.#####..##.# #.# #.#.#
#...##.# #.# #.#.####...##.#
##.## ##.#†##......@.####...##
#...†.........o.....#..#
#..............####....#######
####.####.##...##.# ##.#.......#
.......##.##...##.# #.######[..
####.#.##.####....# #.# #...>
#.#.##.####..#######.#####....
#.#.##............##.......#.#
####.#.#######..####.#####.....†.


You could see an orc.

Vanquished Creatures
  A phantom (D:3)
  3 adders
  3 ribbon worms
  A dart slug (D:3)
  2 orcs
  7 ball pythons
  3 endoplasms
  4 giant cockroaches
  5 goblins
  5 hobgoblins
  4 jackals
  3 quokkas
  3 bats
  4 frilled lizards
  4 kobolds
  4 rats
56 creatures vanquished.

Notes
Turn   | Place    | Note
-------+----------+-------------------------------------------
     0 | D:1      | Jannitor the Demonspawn Reaver began the quest for the Orb.
     0 | D:1      | Reached XP level 1. HP: 16/16 MP: 3/3
   151 | D:1      | Gained mutation: You have a small tail. [demonic ancestry]
   151 | D:1      | Reached XP level 2. HP: 19/22 MP: 5/5
   739 | D:2      | Learned a level 2 spell: Jinxbite
   922 | D:2      | Gained mutation: You have an unusually large brain. (Int
                  | +2) [demonic ancestry]
   922 | D:2      | Reached XP level 3. HP: 22/22 MP: 6/6
  1669 | D:3      | Reached XP level 4. HP: 22/28 MP: 7/7
  2432 | D:4      | Noticed an ogre
  2504 | D:4      | Noticed a phantom
  2524 | D:3      | Killed a phantom
  2525 | D:3      | Reached skill level 1 in Stealth
  2525 | D:3      | Reached skill level 1 in Hexes
  2525 | D:3      | Gained mutation: Spells you cast may paralyse adjacent
                  | enemies. [demonic ancestry]
  2525 | D:3      | Reached XP level 5. HP: 20/40 MP: 6/9
  2789 | D:4      | Found a staircase to the Ecumenical Temple.
  2796 | D:4      | Identified the +4 spear of the Middle {spect, Fly rElec}
  2867 | D:4      | HP: 1/40 [orc/+0 trident (4)]
  2869 | D:3      | Slain by an orc

Illustrated notes

Levels and vault maps discovered:
D:1:      dpeg_arrival_long_road, layout_rooms
D:2:      layout_basic
D:3:      layout_loops_ring
D:4:      layout_rooms, xom_butterflies, minmay_temple_entry_crystal_x,
          uniq_menkaure

Skill      XL: |  1  2  3  4 |
---------------+-------------+-----
Dodging        | 2 |  2.6
Short Blades   | 3 |  3.3
Stealth        | 1 |  1.4
Hexes          | 1 |  1.3
Fighting       | |  2.9
Spellcasting   | |  2.8
Conjurations   | |  3.0

Action                     |  1- 3 |  4- 6 || total
---------------------------+-------+-------++-------
  Melee: Short sword       |   179 |    71 ||   250
         Tailslap          |    15 |    15 ||    30
         Punch             |       |     1 ||     1
         Long sword        |       |     7 ||     7
   Cast: Kiss of Death     |     3 |       ||     3
         Jinxbite          |     1 |     4 ||     5
    Use: Potion            |     2 |     2 ||     4
         Scroll            |       |     2 ||     2
   Stab: Sleeping          |     2 |       ||     2
         Paralysed         |       |     1 ||     1
 Armour: Leather armour    |    83 |    56 ||   139
         Skin              |     5 |     1 ||     6
  Dodge: Dodged            |    79 |    50 ||   129

Table legend: (Time is in decaauts)
 A = Elapsed time spent in this place.
 B = Non-inter-level travel time spent in this place.
 C = Inter-level travel time spent in this place.
 D = Time resting spent in this place.
 E = Time spent auto-exploring this place.
 F = Levels seen in this place.
 G = Mean time per level.
                   A        B        C        D        E       F      G
               +--------+--------+--------+--------+--------+-----+--------+
         Total |   2838 |   2647 |    191 |    660 |   1452 |   4 |  709.5 |
       Dungeon |   2838 |   2647 |    191 |    660 |   1452 |   4 |  709.5 |
               +--------+--------+--------+--------+--------+-----+--------+

Top non-repeatable levels by time:
     D:3: 1259 daAuts
     D:2: 977 daAuts
     D:1: 556 daAuts
     D:4: 44 daAuts
